 Dungeon Sprint DCSS version bcrawl-1.40.3b (webtiles) character file.

Game seed: 14134327296708153636

236397 Groucho the Geomancer (level 4, 0/21 HPs)
             Began as a Spriggan Earth Elementalist on Dec 26, 2023.
             Was a Priest of Sif Muna.
             Killed from afar by a deep elf mage (21 damage)
             ... with a torrent of water
             ... in the Dungeon (Sprint VII: "The Pits").
             The game lasted 00:03:50 (883 turns).

Groucho the Geomancer (Spriggan Earth Elementalist)  Turns: 883, Time: 00:03:51

Health: 0/21       AC:  2    Str:  4    XL:     4   Next: 79%
Magic:  9/9        EV: 18    Int: 17    God:    Sif Muna [***...]
Gold:   0          SH:  0    Dex: 16    Spells: 0/8 levels left

rFire    . . .     GDR:     28%   - Fists (3.0)
rCold    . . .     SeeInvis +   (shield restricted)
rNeg     . . .     Gourm    .   c - +0 robe
rPois    .         Faith    .   (helmet restricted)
rElec    .         Spirit   .   (no cloak)
rCorr    .         Reflect  .   (gloves unavailable)
MR       .....     NoTele   +   (boots unavailable)
Stlth    ++........             (no amulet)
HPRegen  0.13/turn              (no ring)
MPRegen  0.11/turn              (no ring)

@: very quick
A: very small, unfitting armour, see invisible, herbivore, speed 3, slow
metabolism 2
a: Divine Energy, Channel Magic, Renounce Religion


You were in the Dungeon.
You worshipped Sif Muna.
Sif Muna was most pleased with you.
You were not hungry.

You visited 1 branch

Inventory:

Hand Weapons
 a - a +2 dagger
 k - a +2 falchion
 r - a +2 dagger of electrocution
 s - a +0 long sword of flaming
Missiles
 b - 100 stones (quivered)
Armour
 c - a +0 robe (worn)
Magical Staves
 q - an uncursed staff of power
Scrolls
 j - a scroll of blinking
 m - 2 scrolls of vulnerability
 n - 3 scrolls of remove curse
 o - 5 scrolls of amnesia
 p - a scroll of summoning
Potions
 d - 6 potions of curing
 f - 6 potions of heal wounds
 g - a potion of haste
 h - 3 potions of magic
 i - 3 potions of berserk rage
 l - 2 potions of invisibility
Comestibles
 e - 9 rations {!d}


   Skills:
 - Level 3.0 Dodging
 - Level 3.2 Stealth
 - Level 0.7 Unarmed Combat
 + Level 2.7 Spellcasting
 - Level 1.3 Transmutations
 + Level 9.2 Earth Magic


You couldn't memorise any spells.
You knew the following spells:

 Your Spells              Type           Power        Failure   Level  Hunger
a - Sandblast             Erth           ####..       1%          1    None
b - Stone Arrow           Conj/Erth      ###...       9%          3    ####...
c - Petrify               Tmut/Erth      ###.......   21%         4    #####..

Your spell library contained the following spells:

 Spells                   Type           Power        Failure   Level  Hunger
 Passwall                 Tmut/Erth      ###.....     3%          2    ##.....
 Lee's Rapid Deconstruct  Erth           ####......   11%         5    #######
 Freeze                   Ice            #.....       19%         1    None
 Blink                    Tloc           N/A          26%         2    ##.....
 Ensorcelled Hibernation  Hex/Ice        #.....       26%         2    ##.....
 Passage of Golubria      Tloc           N/A          99%         5    #######
 Ozocubu's Refrigeration  Ice            #.........   100%        6    #######


Dungeon Overview and Level Annotations

Branches:
Dungeon (1/1)

Altars:
Ashenzari
Cheibriados
Dithmenos
Elyvilon
Fedhas
Gozag
Hepliaklqana
Kikubaaqudgha
Lugonu
Makhleb
Nemelex Xobeh
Okawaru
Qazlal
Ru
Sif Muna
Trog
Uskayaw
Vehumet
Wu Jian
Xom
Yredelemnul
Zin
The Shining One
Jiyva


Innate Abilities, Weirdness & Mutations

You are very small and have problems with some larger weapons.
You are too small for most types of armour.
You have supernaturally acute eyesight. (SInv)
You are a herbivore.
You cover ground extremely quickly.
You need to consume almost no food.


Message History

There is an open door here.
You open the door.
There is an open door here.
You open the door. 2 deep elf magi come into view.
You have encountered a dangerous foe!
The deep elf mage shouts!
There is an open door here.
No path to travel!
An ogre comes into view. It is wielding a +0 giant club.
There is an open door here.
You start waiting.
The deep elf mage is too close now for your liking.
Casting: Sandblast (safe; 1% risk of failure)
Confirm with . or Enter, or press ? or * to list all spells.
You can't see any susceptible monsters within range! (Use Z to cast anyway.)
The deep elf mage gestures at you while chanting.
The torrent of water hits you!!
Ouch! That really hurt!
You die...

############
#_________.#
#_________.#
#_______...###########
##########'##.........
#....').)'.##......#..
##########.##.........
#....@.....†'.).......
#e#####'#####......#..
#.#.....#..##.........
#.#.....#.)#####'#####
#.###'###))##.......#
#.#.....#).##.......#
#.#.....#[[##.......#
#.####'##'###...<...#
#.#........##.......#


You could see a deep elf mage.

Vanquished Creatures
  A wolf (D)
  A gnoll (D)
  An adder (D)
  An ufetubus (D)
  A leopard gecko (D)
  A bat skeleton (D)
  A giant cockroach (D)
  4 jackals (D)
  A quokka (D)
12 creatures vanquished.

Notes
Turn   | Place    | Note
-------+----------+-------------------------------------------
     0 | D        | Groucho the Spriggan Earth Elementalist began the quest for
                  | the Orb.
     0 | D        | Reached XP level 1. HP: 9/9 MP: 5/5
    14 | D        | Reached skill level 3 in Earth Magic
    17 | D        | Reached skill level 4 in Earth Magic
   378 | D        | Found a bloodstained altar of Trog.
   378 | D        | Found a shimmering blue altar of Sif Muna.
   378 | D        | Found a viscous altar of Jiyva.
   378 | D        | Found a hazy altar of Hepliaklqana.
   378 | D        | Found an opulent altar of Gozag.
   379 | D        | Found a glowing golden altar of the Shining One.
   379 | D        | Found a glowing silver altar of Zin.
   379 | D        | Found a basalt altar of Yredelemnul.
   379 | D        | Found a shimmering altar of Xom.
   379 | D        | Found an ornate altar of the Wu Jian Council.
   379 | D        | Found a sacrificial altar of Ru.
   379 | D        | Found a stormy altar of Qazlal.
   379 | D        | Found an iron altar of Okawaru.
   379 | D        | Found a sparkling altar of Nemelex Xobeh.
   379 | D        | Found a burning altar of Makhleb.
   379 | D        | Found a blossoming altar of Fedhas.
   379 | D        | Found a white marble altar of Elyvilon.
   379 | D        | Found a shadowy altar of Dithmenos.
   379 | D        | Found a snail-covered altar of Cheibriados.
   381 | D        | Found a radiant altar of Vehumet.
   381 | D        | Found a corrupted altar of Lugonu.
   381 | D        | Found a roughly hewn altar of Beogh.
   382 | D        | Found a hide-covered altar of Uskayaw.
   382 | D        | Found an ancient bone altar of Kikubaaqudgha.
   382 | D        | Found a shattered altar of Ashenzari.
   386 | D        | Became a worshipper of Sif Muna the Loreminder
   402 | D        | Reached XP level 2. HP: 10/13 MP: 2/6
   403 | D        | Reached skill level 5 in Earth Magic
   635 | D        | Reached * piety under Sif Muna
   754 | D        | Noticed a wolf
   769 | D        | Identified Igeraics's Grimoire of Glacial Orientation (Sif
                  | Muna gifted it to you in the Dungeon)
   769 | D        | Received a gift from Sif Muna
   771 | D        | Killed a wolf
   771 | D        | Reached ** piety under Sif Muna
   772 | D        | Reached *** piety under Sif Muna
   772 | D        | Reached skill level 9 in Earth Magic
   772 | D        | Reached XP level 3. HP: 11/16 MP: 0/8
   772 | D        | Reached XP level 4. HP: 15/21 MP: 0/9
   788 | D        | Learned a level 3 spell: Stone Arrow
   793 | D        | Learned a level 4 spell: Petrify
   862 | D        | Noticed a deep elf mage
   862 | D        | Noticed a deep elf mage
   864 | D        | Noticed an ogre
   883 | D        | Killed from afar by a deep elf mage

Skill      XL: |  1  2 |
---------------+-------+-----
Earth Magic    | 4 9 |  9.2
Dodging        | |  3.0
Stealth        | |  3.2
Unarmed Combat | |  0.7
Spellcasting   | |  2.7
Transmutations | |  1.3

Action                   |  1- 3 |  4- 6 || total
-------------------------+-------+-------++-------
Melee: Unarmed           |     8 |       ||     8
 Cast: Sandblast         |    18 |     3 ||    21
Invok: Divine Energy     |       |     1 ||     1
  Use: Potion            |       |     1 ||     1
Armor: Robe              |     1 |       ||     1
Dodge: Dodged            |    20 |     1 ||    21
